 Dungeon Crawl Stone Soup version 0.20-a0-1126-g0f15420 (webtiles) character file.

53 mopl the Skirmisher (level 3, -3/29 HPs)
             Began as a Demonspawn Wanderer on May 17, 2017.
             Slain by a gnoll
             ... wielding a +0 whip
              (8 damage)
             ... on level 2 of the Dungeon.
             The game lasted 00:02:09 (1379 turns).

mopl the Skirmisher (Demonspawn Wanderer)           Turns: 1379, Time: 00:02:10

Health: -3/29      AC:  5    Str: 12    XL:     3   Next: 62%
Magic:  6/6        EV: 11    Int: 11    God:
Gold:   59         SH:  0    Dex: 15    Spells: 6/6 levels left

rFire    . . .     SeeInvis .   o - +0 flail
rCold    . . .     Gourm    .   (no shield)
rNeg     . . .     Faith    .   n - +0 ring mail
rPois    .         Spirit   .   (helmet restricted)
rElec    .         Reflect  .   (no cloak)
rCorr    .         Harm     .   (no gloves)
MR       .....                  (no boots)
Stlth    +.........             (no amulet)
Regen    0.1/turn               (no ring)
MPRegen  0.1/turn               (no ring)

@: no status effects
A: horns 2
a: no special abilities


You were on level 2 of the Dungeon.
You were hungry.

You visited 1 branch of the dungeon, and saw 2 of its levels.

You collected 59 gold pieces.

Inventory:

Hand Weapons
 f - a +0 dagger
 j - a cursed -2 spear
 l - a +0 mace
 o - a +0 flail (weapon)
Armour
 e - a +0 robe
 n - a +0 ring mail (worn)
Scrolls
 b - a scroll of blinking
 c - 2 scrolls of teleportation {unknown}
 i - 2 scrolls of remove curse {unknown}
 k - a scroll of magic mapping {unknown}
 m - a scroll of amnesia {unknown}
Potions
 a - a potion of haste
 h - a potion of mutation {unknown}
Books
 d - the Compendium of Confrontation

   Spells                             Type                      Level
   a - Flame Tongue                   Conjuration/Fire             1
   b - Static Discharge               Conjuration/Air              3
Comestibles
 g - a bread ration
 p - a meat ration


   Skills:
 + Level 3.6 Fighting
 - Level 1.7 Dodging
 - Level 1.0 Stealth
   Level 1.0 Shields
 - Level 1.7 Unarmed Combat
 - Level 2.0 Spellcasting
   Level 1.0 Conjurations


You had 6 spell levels left.
You didn't know any spells.

Dungeon Overview and Level Annotations

Branches:
Dungeon (2/15)

Altars:


Innate Abilities, Weirdness & Mutations

You have a pair of horns on your head.


Message History

Wield which item (- for none, * to show all)? (? for menu, Esc to quit)
o - a +0 flail (weapon)
There is a stone staircase leading down here.
You climb downwards.
The gnoll shouts!
The gnoll hits you. The gnoll hits you with a whip!
The gnoll barely misses you. The gnoll completely misses you.
There is a stone staircase leading up, spattered with blood here.
Unknown command.
The gnoll hits you with a whip.
Press: ? - help, v - describe, . - travel
Here: a gnoll, wielding a whip of flaming The floor.
There is a stone staircase leading down here.
The gnoll hits you with a whip!
* * * LOW HITPOINT WARNING * * *
You are feeling hungry.
There is a stone staircase leading up, spattered with blood here.
The gnoll hits you with a whip!
You die...

#...... .# ##.....#
.###### #.......
.......
#.....########.#....#
#........g.g>........
#.....#######g##.##.
#.#.....#..g.....#
#.....#.###.####
#..@ggg..##.#
#........##.#
#............
#.........###
#....<....#
#.....#...#
#.........#
#.........#
#.#.##.....


You could see 3 gnolls.

Vanquished Creatures
  2 gnolls (D:1)
  An adder (D:2)
  A leopard gecko (D:1)
  4 bats (D:1)
  4 giant cockroaches
  3 goblins
  3 hobgoblins (D:1)
  A ball python (D:1)
  A frilled lizard (D:1)
  3 rats (D:1)
23 creatures vanquished.

Notes
Turn   | Place    | Note
-------+----------+-------------------------------------------
     0 | D:1      | mopl the Demonspawn Wanderer began the quest for the Orb.
     0 | D:1      | mopl set off with: a potion of haste, a scroll of blinking, a potion of lignification {!q}, the Compendium of Confrontation, a +0 robe, a +0 dagger, a bread ration
     0 | D:1      | Reached XP level 1. HP: 15/15 MP: 3/3
     0 | D:1      | Identified the Compendium of Confrontation
   174 | D:1      | Reached skill level 2 in Fighting
   185 | D:1      | Gained mutation: You have a pair of small horns on your head. [demonic ancestry]
   185 | D:1      | Reached XP level 2. HP: 16/22 MP: 5/5
   597 | D:1      | Reached skill level 3 in Fighting
   622 | D:1      | Gained mutation: You have a pair of horns on your head. [demonic ancestry]
   622 | D:1      | Reached XP level 3. HP: 24/29 MP: 6/6
  1379 | D:2      | Slain by a gnoll

Vault maps used:
D:1:      lightli_iron_boxes, nrook_mini_vaults
D:2:      uniq_jessica, uniq_natasha

Skill      XL: |  1  2 |
---------------+-------+-----
Fighting       | 2 3 |  3.6
Dodging        | |  1.7
Stealth        | |  1.0
Shields        | |  1.0
Unarmed Combat | |  1.7
Spellcasting   | |  2.0
Conjurations   | |  1.0

Action                   || total
-------------------------++-------
Melee: Dagger            ||    57
       Headbutt          ||     5
       Mace              ||    24
  Use: Potion            ||     1
 Stab: Sleeping          ||     2
  Eat: Chunk             ||     1
Armor: Robe              ||     9
       Skin              ||    11
       Ring mail         ||    13
Dodge: Dodged            ||    42
